 Dungeon Crawl Stone Soup version 0.21.1-1-g345015f (webtiles) character file.

122 tidbits the Charmwright (level 5, -3/43 HPs)
             Began as a Gnoll Skald on Feb 6, 2018.
             Slain by an adder (5 damage)
             ... on level 3 of the Dungeon.
             The game lasted 00:05:40 (563 turns).

tidbits the Charmwright (Gnoll Skald)                Turns: 563, Time: 00:05:40

Health: -3/43      AC:  3    Str: 13    XL:     5   Next: 6%
Magic:  7/12       EV: 14    Int: 17    God:
Gold:   116        SH:  0    Dex: 14    Spells: 3/14 levels left

rFire    . . .     SeeInvis .   a - +0 hand axe
rCold    . . .     Gourm    +   (no shield)
rNeg     . . .     Faith    .   b - +0 leather armour
rPois    .         Spirit   .   (no helmet)
rElec    .         Reflect  .   (no cloak)
rCorr    .         Harm     .   (no gloves)
MR       .....                  (no boots)
Stlth    ++........             j - amulet of the gourmand
HPRegen  0.14/turn              (no ring)
MPRegen  0.13/turn              (no ring)

@: lethally poisoned (-3 -> -7)
A: distributed training, fangs 1, strong nose
a: no special abilities


You were on level 3 of the Dungeon.
You were not hungry.

You visited 1 branch of the dungeon, and saw 4 of its levels.

You collected 116 gold pieces.

Inventory:

Hand Weapons
 a - a +0 hand axe (weapon)
 e - a +0 dagger
 f - a +0 flail
Missiles
 k - 2 tomahawks (quivered)
 l - 11 poisoned needles
Armour
 b - a +0 leather armour (worn)
 h - a +3 shield of protection
   (You found it on level 2 of the Dungeon)
Jewellery
 j - an amulet of the gourmand (around neck)
   (You found it on level 2 of the Dungeon)
Scrolls
 i - a scroll of remove curse
Potions
 m - a potion of resistance {unknown}
 n - a potion of cancellation {unknown}
 o - a potion of flight {unknown}
Books
 c - a book of Battle

   Spells                             Type                      Level
   a - Infusion                       Charms                       1
   b - Shroud of Golubria             Charms/Translocation         2
   c - Song of Slaying                Charms                       2
   d - Spectral Weapon                Hexes/Charms                 3
   e - Regeneration                   Charms/Necromancy            3
Comestibles
 d - 3 rations


   Skills:
 + Level 4.7 Fighting
 + Level 1.3 Short Blades
 + Level 1.3 Long Blades
 + Level 4.7 Axes
 + Level 1.3 Maces & Flails
 + Level 1.3 Polearms
 + Level 1.3 Staves
 + Level 1.3 Slings
 + Level 1.3 Bows
 + Level 1.3 Crossbows
 + Level 1.3 Throwing
 + Level 2.8 Armour
 + Level 4.7 Dodging
 + Level 1.3 Stealth
 + Level 1.3 Shields
 + Level 1.3 Unarmed Combat
 + Level 5.1 Spellcasting
 + Level 1.0 Conjurations
 + Level 1.0 Hexes
 + Level 5.5 Charms
 + Level 1.0 Summonings
 + Level 1.0 Necromancy
 + Level 1.0 Translocations
 + Level 1.0 Transmutations
 + Level 1.0 Fire Magic
 + Level 1.0 Ice Magic
 + Level 1.0 Air Magic
 + Level 1.0 Earth Magic
 + Level 1.0 Poison Magic
 + Level 1.4 Invocations
 + Level 1.3 Evocations


You had 3 spell levels left.
You knew the following spells:

 Your Spells              Type           Power        Failure   Level  Hunger
g - Shroud of Golubria    Chrm/Tloc      ###.......   7%          2    #......
i - Infusion              Chrm           ###.         1%          1    None
r - Regeneration          Chrm/Necr      ###.......   14%         3    ###....
w - Spectral Weapon       Hex/Chrm       ###.....     14%         3    ###....
y - Song of Slaying       Chrm           ###.....     2%          2    #......


Dungeon Overview and Level Annotations

Branches:
Dungeon (4/15)
 Temple: D:4-7

Altars:


Innate Abilities, Weirdness & Mutations

Your experience applies equally to all skills.
You have very sharp teeth.
Your uncanny sense of smell can sniff out nearby items.


Message History

Your spectral weapon fades away.
Found a leather armour.
Your skin stops crawling.
Found 16 sling bullets, a short sword and a ration.
Found a ration.
You see here a ration.
d - 2 rations (gained 1)
Your magical contamination has completely faded away.
A goblin comes into view.
The helpless goblin fails to defend itself.
You hit the goblin.
You kill the goblin!
You have reached level 5!
A goblin and an orc come into view.
The goblin shouts!
Found a mace.
Unknown command.
Found a ration.
An orc comes into view.
You see here a ration.
d - 3 rations (gained 1)
The orc shouts!
The orc throws a tomahawk.
The tomahawk hits you.
The orc throws a tomahawk.
The tomahawk closely misses you.
Casting: Regeneration
Confirm with . or Enter, or press ? or * to list all spells.
You draw out your weapon's spirit!
The goblin hits your spectral weapon with a dagger.
The orc hits you but does no damage.
You slash the orc!
You kill the orc!
The goblin hits your spectral weapon but does no damage.
You barely miss the goblin.
Your spectral weapon hits the goblin!
You kill the goblin!
Your spectral weapon hits the orc.
The orc barely misses your spectral weapon.
You swap places.
The orc hits you.
You see here a dagger.
You hit the orc.
You kill the orc!
You see here an orc corpse.
You see here 2 tomahawks.
k - 2 tomahawks You see here an orc corpse.
You see here a dagger.
Things that are here:
a leather armour; an orc corpse Your spectral weapon fades away.
A rat comes into view.
Found a stone staircase leading down.
You found a teleport trap!
The rat completely misses you.
You hit the rat.
You kill the rat!
There is a stone staircase leading down here.
You climb downwards.
There is a stone staircase leading up here.
Unknown command.
Found 11 gold pieces.
Found 20 arrows.
An adder and an ogre come into view.
The ogre shouts!
There are no items here.
You see here 11 gold pieces.
You now have 116 gold pieces (gained 11).
The adder hisses angrily.
There is a stone staircase leading up here.
Casting: Spectral Weapon
Confirm with . or Enter, or press ? or * to list all spells.
You draw out your weapon's spirit!
You miss the adder. The adder bites you. The adder bites you.
You are poisoned.
The adder poisons you!
The ogre hits you with a giant spiked club!
* * * LOW HITPOINT WARNING * * *
The adder bites you.
* * * LOW HITPOINT WARNING * * *
You are lethally poisoned!
The adder poisons you!
You climb upwards.
Your summoned ally is left behind.
Your spectral weapon fades away.
* * * LOW HITPOINT WARNING * * *
You feel sick.
There is a stone staircase leading down here.
It was a potion of curing.
You feel better. The adder completely misses you.
Casting: Spectral Weapon
Confirm with . or Enter, or press ? or * to list all spells.
You draw out your weapon's spirit!
The ogre hits you with a giant spiked club!
* * * LOW HITPOINT WARNING * * *
The adder barely misses you.
You barely miss the ogre. You hit the adder.
Your spectral weapon hits the ogre!
Your spectral weapon hits the adder but does no damage.
The adder bites you.
* * * LOW HITPOINT WARNING * * *
You are lethally poisoned!
The adder poisons you! The ogre misses you. The adder bites you.
You die...

#......# # #..#
########.#
....##
#........#
#.##...
#.#####..#...
..##
#.#####..#..∆
..##
#.##.^...#.
.... #
#.##.##.##....
#
#.O............
∆.
#@(.....####.##
## ##S#.#..#
#.#......#
#.###..#.# #.#
#..#.# #..
...... ###
####... ###


You could see an ogre, an adder and a friendly spectral hand axe.

Vanquished Creatures
  4 gnolls (D:3)
  3 adders
  2 oozes
  2 worms
  A leopard gecko (D:2)
  2 orcs (D:3)
  3 bats
  A giant cockroach (D:2)
  2 hobgoblins
  5 jackals
  2 quokkas (D:2)
  A frilled lizard (D:2)
  8 goblins
  A kobold (D:1)
  4 rats
41 creatures vanquished.

Notes
Turn   | Place    | Note
-------+----------+-------------------------------------------
     0 | D:1      | tidbits the Gnoll Skald began the quest for the Orb.
     0 | D:1      | Reached XP level 1. HP: 20/20 MP: 6/6
    76 | D:2      | Reached XP level 2. HP: 24/26 MP: 0/7
    90 | D:2      | Learned a level 2 spell: Song of Slaying
    93 | D:2      | Learned a level 2 spell: Shroud of Golubria
   138 | D:2      | Reached skill level 5 in Spellcasting
   138 | D:2      | Reached XP level 3. HP: 20/31 MP: 0/9
   143 | D:2      | Learned a level 3 spell: Regeneration
   147 | D:2      | Learned a level 3 spell: Spectral Weapon
   200 | D:1      | Reached skill level 1 in Invocations
   348 | D:2      | Reached skill level 1 in Short Blades
   348 | D:2      | Reached skill level 1 in Long Blades
   348 | D:2      | Reached skill level 1 in Maces & Flails
   348 | D:2      | Reached skill level 1 in Polearms
   348 | D:2      | Reached skill level 1 in Staves
   348 | D:2      | Reached skill level 1 in Slings
   348 | D:2      | Reached skill level 1 in Bows
   348 | D:2      | Reached skill level 1 in Crossbows
   348 | D:2      | Reached skill level 1 in Throwing
   348 | D:2      | Reached skill level 1 in Stealth
   348 | D:2      | Reached skill level 1 in Shields
   348 | D:2      | Reached skill level 1 in Unarmed Combat
   348 | D:2      | Reached skill level 1 in Evocations
   365 | D:2      | Reached XP level 4. HP: 38/38 MP: 8/11
   448 | D:3      | Reached skill level 1 in Conjurations
   448 | D:3      | Reached skill level 1 in Hexes
   448 | D:3      | Reached skill level 1 in Summonings
   448 | D:3      | Reached skill level 1 in Necromancy
   448 | D:3      | Reached skill level 1 in Translocations
   448 | D:3      | Reached skill level 1 in Transmutations
   448 | D:3      | Reached skill level 1 in Fire Magic
   448 | D:3      | Reached skill level 1 in Ice Magic
   448 | D:3      | Reached skill level 1 in Air Magic
   448 | D:3      | Reached skill level 1 in Earth Magic
   448 | D:3      | Reached skill level 1 in Poison Magic
   492 | D:3      | Reached XP level 5. HP: 34/43 MP: 6/12
   549 | D:4      | Noticed an ogre
   562 | D:3      | HP: 3/43 [ogre/giant spiked club (17)]
   563 | D:3      | Slain by an adder

Skill      XL: |  1  2  3  4 |
---------------+-------------+-----
Spellcasting   | 5 |  5.1
Invocations    | 1 |  1.4
Short Blades   | 1 |  1.3
Long Blades    | 1 |  1.3
Maces & Flails | 1 |  1.3
Polearms       | 1 |  1.3
Staves         | 1 |  1.3
Slings         | 1 |  1.3
Bows           | 1 |  1.3
Crossbows      | 1 |  1.3
Throwing       | 1 |  1.3
Stealth        | 1 |  1.3
Shields        | 1 |  1.3
Unarmed Combat | 1 |  1.3
Evocations     | 1 |  1.3
Conjurations   | 1 |  1.0
Hexes          | 1 |  1.0
Summonings     | 1 |  1.0
Necromancy     | 1 |  1.0
Translocations | 1 |  1.0
Transmutations | 1 |  1.0
Fire Magic     | 1 |  1.0
Ice Magic      | 1 |  1.0
Air Magic      | 1 |  1.0
Earth Magic    | 1 |  1.0
Poison Magic   | 1 |  1.0
Fighting       | |  4.7
Axes           | |  4.7
Armour         | |  2.8
Dodging        | |  4.7
Charms         | |  5.5

Action                   |  1- 3 |  4- 6 || total
-------------------------+-------+-------++-------
Melee: Hand axe          |    62 |    31 ||    93
       Bite              |     6 |     2 ||     8
 Cast: Infusion          |     3 |       ||     3
       Spectral Weapon   |     4 |     6 ||    10
       Regeneration      |       |     1 ||     1
  Use: Scroll            |       |     3 ||     3
       Potion            |       |     1 ||     1
 Stab: Sleeping          |     3 |     2 ||     5
  Eat: Ration            |     1 |       ||     1
Armor: Leather armour    |    14 |     5 ||    19
Dodge: Dodged            |    51 |    21 ||    72

Table legend:
 A = Turns spent in this place as a percentage of turns spent in the entire game.
 B = Non-inter-level travel turns spent in this place as a percentage of non-inter-level travel turns spent in the entire game.
 C = Inter-level travel turns spent in this place as a percentage of turns spent in this place.
 D = Turns resting spent in this place as a percentage of non-inter-level travel turns spent in this place.
 E = Turns spent auto-exploring this place as a percentage of non-inter-level travel turns spent in this place.
 F = Non-inter-level travel turns spent in this place divided by the number of levels of this place that you've seen.
                   A       B       C       D       E      F
               +-------+-------+-------+-------+-------+----------------------
         Total | 100.0 | 100.0 |   0.0 |   0.0 |   0.0 | 140.8
       Dungeon | 100.0 | 100.0 |   0.0 |   0.0 |   0.0 | 140.8
               +-------+-------+-------+-------+-------+----------------------

Table legend:
 A = Kills in this place as a percentage of kills in entire the game.
 B = Kills by you in this place as a percentage of kills by you in the entire game.
 C = Kills by friends in this place as a percentage of kills by friends in the entire game.
 D = Other kills in this place as a percentage of other kills in the entire game.
 E = Experience gained in this place as a percentage of experience gained in the entire game.
 F = Experience gained in this place divided by the number of levels of this place that you have seen.
                   A       B       C       D       E      F
               +-------+-------+-------+-------+-------+----------------------
         Total | 100.0 | 100.0 |   N/A |   N/A | 100.0 |  43.8
       Dungeon | 100.0 | 100.0 |   N/A |   N/A | 100.0 |  43.8
               +-------+-------+-------+-------+-------+----------------------

Vault maps used:
D:1:      scummos_arrival_star
D:3:      serial_bayou_pond_e, minmay_hedge_maze,
          corexii_item_surrounded_by_moat, kennysheep_minor_cross
D:4:      minmay_temple_entry_poolview, first_ration, kennysheep_generic_room_2,
          uniq_pikel
